 Dungeon Crawl Stone Soup version 0.31.0-32-g396128a36d (webtiles) character file.

Game seed: 12373132657861327492

118561 Zeor the Phalangite (level 16, -4/140 HPs)
             Began as a Merfolk Gladiator on Apr 19, 2024.
             Was the Champion of Nemelex Xobeh.
             Killed from afar by a shock serpent (16 damage)
             ... with a bolt of electricity
             ... on level 2 of the Snake Pit.
             The game lasted 02:08:16 (27123 turns).

Zeor the Phalangite (Merfolk Gladiator)            Turns: 27123, Time: 02:08:17

Health: -4/140     AC: 18    Str: 15    XL:     16   Next: 77%
Magic:  0/24       EV: 24    Int:  8    God:    Nemelex Xobeh [******]
Gold:   1260       SH:  0    Dex: 26    Spells: 15/15 levels left

rFire   + . .        p - +2 Maxwell's thermic engine {flame, freeze, rev}
rCold   + . .        (no shield)
rNeg    . . .        U - +2 ring mail {rPois}
rPois   +            c - +1 helmet
rElec   .            V - +2 cloak
rCorr   .            F - +1 pair of gloves
SInv    .            C - +1 pair of boots
Will    ++...        I - amulet of guardian spirit
Stlth   +++          J - ring of protection from fire
HPRegen 0.43/turn    n - ring "Xugosk" {rC+ Will+ Dex+4}
MPRegen 0.19/turn

%: guardian spirit
@: no status effects
A: (nimble swimmer 2), mertail
a: Renounce Religion, Draw Escape, Draw Destruction, Draw Summoning, Triple
Draw, Deal Four, Stack Five


You were on level 2 of the Snake Pit.
You worshipped Nemelex Xobeh.
Nemelex Xobeh was exalted by your worship.
You visited 4 branches of the dungeon, and saw 23 of its levels.
You also visited: Ice Cave and Volcano.

You collected 3254 gold pieces.
You spent 1994 gold pieces at shops.

Inventory:

Hand Weapons
 a - a +3 heavy glaive
 b - the +8 orcbow "Wuopor" {speed, rC++ Int+6}
   (You found it on level 5 of the Lair of Beasts)

   Int+6:     It affects your intelligence (+6).
   rC++:      It greatly protects you from cold.
 p - the +2 Maxwell's thermic engine (weapon) {flame, freeze, rev}
   (You found it in an ice cave)
 y - the +4 quarterstaff of the Desolation of Salt {chaos, ^Contam rC++ rCorr Stlth+}
   (You bought it in a shop on level 11 of the Dungeon)

   rC++:      It greatly protects you from cold.
   ^Contam:   It causes magical contamination when unequipped.
   rCorr:     It protects you from acid and corrosion.
   Stlth+:    It makes you more stealthy.
Missiles
 d - 7 throwing nets (quivered)
 H - 4 curare-tipped darts
Armour
 c - a +1 helmet (worn)
 C - a +1 pair of boots (worn)
 F - a +1 pair of gloves (worn)
 U - a +2 ring mail of poison resistance (worn)
 V - a +2 cloak (worn)
Jewellery
 f - a ring of willpower
 l - a ring of ice
 n - the ring "Xugosk" (right hand) {rC+ Will+ Dex+4}
   (You bought it in a shop on level 2 of the Orcish Mines)

   [ring of willpower]

   Dex+4:     It affects your dexterity (+4).
   rC+:       It protects you from cold.
   Will+:     It increases your willpower.
 I - an amulet of guardian spirit (around neck)
 J - a ring of protection from fire (left hand)
 X - a ring of resist corrosion
 Y - the ring "Zepuu" {rPois SInv}
   (You bought it in a shop on level 2 of the Orcish Mines)

   [ring of see invisible]

   rPois:     It protects you from poison SInv: It lets you see invisible.
Wands
 i - a wand of flame (28)
 r - a wand of mindburst (21)
 x - a wand of iceblast (15)
 P - a wand of light (9)
 Z - a wand of paralysis (10)
Scrolls
 h - a scroll of noise
 t - 4 scrolls of blinking
 v - 2 scrolls of butterflies
 A - a scroll of vulnerability
 D - 2 scrolls of immolation
 G - 12 scrolls of teleportation
 L - 2 scrolls of revelation
 O - a scroll of fear
 R - 4 scrolls of fog
 S - a scroll of amnesia
Potions
 e - 2 potions of ambrosia
 g - 9 potions of curing
 j - 2 potions of cancellation
 m - a potion of lignification
 o - a potion of invisibility
 q - 2 potions of resistance
 s - 2 potions of mutation
 u - 2 potions of enlightenment
 B - 3 potions of attraction
 E - 2 potions of berserk rage
 M - 2 potions of might
 N - a potion of magic
 Q - 3 potions of haste
Miscellaneous
 k - a sack of spiders
 w - a phial of floods (inert)
 W - a tin of tremorstones (inert)


   Skills:
 + Level 16.9 Fighting
 * Level 3.4 Long Blades
 - Level 21.0 Polearms
 + Level 2.9 Ranged Weapons
 + Level 3.0 Throwing
 + Level 7.3 Armour
 + Level 15.2 Dodging
 - Level 6.3 Stealth
 * Level 10.9 Invocations
 + Level 4.2 Evocations


You had 15 spell levels left.
You didn't know any spells.
Your spell library contained the following spells:

 Spells                   Type           Power      Damage    Failure   Level
 Apportation              Tloc           0%         N/A       61%         1
 Magic Dart               Conj           0%         1d3       61%         1
 Necrotise                Necr           0%         1d4       61%         1
 Shock                    Conj/Air       0%         1d3       61%         1
 Sting                    Conj/Alch      0%         1d3       61%         1
 Summon Small Mammal      Summ           0%         N/A       61%         1
 Blink                    Tloc           0%         N/A       75%         2
 Call Imp                 Summ           0%         N/A       75%         2
 Ensorcelled Hibernation  Hex/Ice        0%         N/A       75%         2
 Lesser Beckoning         Tloc           0%         N/A       75%         2
 Mercury Vapours          Alch/Air       0%         N/A       75%         2
 Momentum Strike          Conj/Tloc      0%         3d8       75%         2
 Dazzling Flash           Conj/Hex       0%         N/A       93%         3
 Fugue of the Fallen      Necr           0%         N/A       93%         3
 Hailstorm                Conj/Ice       0%         3d5       93%         3
 Inner Flame              Hex/Fire       0%         N/A       93%         3
 Mephitic Cloud           Conj/Alch/Air  0%         N/A       93%         3
 Summon Ice Beast         Ice/Summ       0%         N/A       93%         3
 Swiftness                Air            0%         N/A       93%         3
 Airstrike                Air            0%         2d(0-16)  100%        4
 Anguish                  Hex/Necr       0%         N/A       100%        4
 Brom's Barrelling Bould  Conj/Erth      0%         2d3       100%        4
 Flame Wave               Conj/Fire      0%         2d4       100%        4
 Olgreb's Toxic Radiance  Alch           0%         N/A       100%        4
 Sticky Flame             Fire/Alch      0%         2d4       100%        4
 Vhi's Electric Charge    Tloc/Air       0%         N/A       100%        4
 Arcjolt                  Conj/Air       0%         1d10      100%        5
 Curse of Agony           Necr           0%         N/A       100%        5
 Fireball                 Conj/Fire      0%         3d3       100%        5
 Iskenderun's Battlesphe  Conj           0%         2d6       100%        5
 Silence                  Hex/Air        0%         N/A       100%        5
 Bombard                  Conj/Erth      0%         9d1       100%        6
 Conjure Ball Lightning   Conj/Air       0%         3x3d6     100%        6
 Plasma Beam              Fire/Air       0%         2x1d10    100%        6
 Sculpt Simulacrum        Ice/Alch       0%         N/A       100%        6
 Orb of Destruction       Conj           0%         9d5       100%        7
 Spellforged Servitor     Conj/Summ      0%         N/A       100%        7
 Discord                  Hex            0%         N/A       100%        8
 Disjunction              Tloc           0%         N/A       100%        8
 Maxwell's Capacitive Co  Air            0%         ∞         100%        8
 Summon Horrible Things   Summ           0%         N/A       100%        8


Dungeon Overview and Level Annotations

Branches:
Dungeon (14/15)            Temple (0/1) D:7            Lair (5/5) D:11
 Shoals (0/4) Lair:2        Snake (2/4) Lair:2        Slime (0/5) Lair:5
    Orc (2/2) D:10            Elf (0/3) Orc:2        Vaults (0/5) D:14
  IceCv (visited)         Volcano (visited)

Altars:
Ashenzari
Dithmenos
Elyvilon
Fedhas
Gozag
Kikubaaqudgha
Makhleb
Nemelex Xobeh
Okawaru
Ru
Trog
Uskayaw
Wu Jian
The Shining One
Jiyva
Lugonu

Shops:
D:2 *=(   D:11 *=(:   Orc:2 [=*!

Portals:
Abyss: Lair:5
Pandemonium: Orc:2

Annotations:
D:4 3 runed translucent doors, Dadgum123's ghost, novice MiBe
D:13 1 runed translucent door, bronco's ghost, journeyman MiMo
D:14 exclusion: door, Rupert


Innate Abilities, Weirdness & Mutations

((You are very nimble when in or above water. (Stealth+, EV+, Speed+++)))
Your lower body shifts to a powerful aquatic tail in water.


Message History

The shock serpent completely misses you.
The black mamba completely misses you.
Your ynoxinul hits the black mamba.
Your rakshasa hits the shock serpent with a +0 whip!
The shock serpent's electric aura discharges, shocking your rakshasa!
Unknown command.
You draw a card...
You have drawn Exile.
Your ynoxinul is devoured by a tear in reality.
The black mamba is devoured by a tear in reality.
Your rakshasa is devoured by a tear in reality.
The shock serpent closely misses you. x2
You slash the shock serpent! You burn the shock serpent.
You freeze the shock serpent.
The shock serpent seems to slow down.
The shock serpent is almost dead.
The shock serpent is no longer moving slowly.
The shock serpent completely misses you.
You miss the shock serpent.
The shock serpent is almost dead.
The shock serpent shoots out a bolt of lightning at you!
The bolt of electricity hits you!
* * * LOW HITPOINT WARNING * * *
The bolt of electricity misses you.
The shock serpent shoots out a bolt of lightning at you!
The bolt of electricity misses you. x2
You miss the shock serpent.
The shock serpent is almost dead.
The shock serpent barely misses you.
The shock serpent completely misses you.
You hit the shock serpent. You burn the shock serpent.
You freeze the shock serpent. Your punch misses the shock serpent.
The shock serpent is almost dead.
The shock serpent misses you.
The shock serpent bites you but does no damage.
You barely miss the shock serpent.
The shock serpent is almost dead.
The shock serpent shoots out a bolt of lightning at you!
The bolt of electricity hits you!
* * * LOW HITPOINT WARNING * * *
The bolt of electricity hits you!
You die...
Your body glows with a rainbow of weird colours and disappears.

▒∙∙∙∙∙∙∙∙∙∙∙∙▒
▒▒∙∙∙∙▒∙∙∙∙▒▒▒∙∙
▒▒∙∙∙∙▒∙∙∙∙∙∙∙ ▒▒∙
▒▒∙∙∙∙▒∙∙∙∙∙∙∙∙∙
∙▒▒▒∙∙∙∙∙∙∙∙∙∙∙∙∙∙∙


∙∙∙∙∙∙∙∙∙∙∙∙∙∙∙∙∙∙ ∙∙∙∙∙∙∙∙▒###∙∙∙∙∙ ∙∙∙∙∙∙∙∙∙∙#∙∙∙∙∙∙ ∙∙∙∙∙∙∙▒▒mS∙∙∙∙∙▒ ∙∙∙∙∙∙▒
▒▒▒∙∙∙∙▒∙ ∙∙∙∙∙▒ ∙∙∙∙∙∙ ∙∙∙∙▒ ∙▒▒▒▒∙ ∙∙∙▒ ∙∙▒ You could see a shock serpent.

Vanquished Creatures
  Kirke (Lair:5)
  A very ugly thing (IceCv)
  An ettin (Orc:2)
  Harold (D:10)
  Josephine (D:10)
  3 vault guards (D:14)
  An ogre mage (Volcano)
  5 hydras
  2 boulder beetles
  4 centaur warriors
  3 anacondas (Snake:1)
  7 two-headed ogres
  3 catoblepae
  A naga warrior (Snake:1)
  2 tengu warriors (D:14)
  6 death yaks (Lair:5)
  2 naga sharpshooters (Snake:1)
  5 orc high priests (Orc:2)
  3 thrashing horrors (Lair:5)
  3 skysharks
  Amaemon (D:11)
  2 mana vipers (Snake:1)
  An arcanist (D:14)
  2 orange crystal statues (IceCv)
  4 lindwurms (Lair:4)
  4 orc knights
  A large abomination (Lair:5)
  2 necromancers (D:14)
  4 manticores
  4 orc sorcerers
  2 cyclopes
  2 deep elf pyromancers
  2 ugly things
  6 centaur zombies
  10 elephants
  A naga mage (Snake:1)
  11 black mambas
  12 cane toads
  A kobold blastminer (Orc:2)
  A torpor snail (Lair:5)
  2 smoke demons
  3 unseen horrors
  Jeremiah (D:6)
  2 unseen horror zombies (D:10)
  3 kobold demonologists (D:12)
  Psyche (D:10)
  3 rime drakes
  3 freezing wraiths (IceCv)
  7 komodo dragons
  A yaktaur (D:14)
  2 golden dragon simulacra (IceCv)
  2 tengu conjurers (D:14)
  A troll (shapeshifter) (D:14)
  An unseen horror skeleton (D:10)
  6 trolls
  4 polar bears
  An alligator simulacrum (IceCv)
  A wind drake (Lair:2)
  12 dream sheep
  A hornet (D:9)
  3 raiju (Lair:5)
  11 blink frogs
  A meliai zombie (D:10)
  Sigmund (D:2)
  A spriggan (Orc:2)
  A dire elephant simulacrum (IceCv)
  5 wyverns
  12 wraiths
  A ynoxinul (Lair:5)
  2 fire bats (Lair:3)
  17 humans (D:14)
  2 vampires
  4 basilisks
  37 yaks
  2 hogs
  5 steam dragons
  2 fire elementals (Lair:3)
  6 wargs
  2 neqoxecs (Orc:2)
  8 vampire mosquitoes
  Menkaure (D:6)
  A harpy simulacrum (IceCv)
  3 chaos spawn (Lair:5)
  6 small abominations (Lair:5)
  10 nagas (Snake:1)
  20 water moccasins
  2 acid dragons
  A hydra simulacrum (IceCv)
  Duvessa (D:6)
  28 orc warriors
  A sky beast (D:6)
  5 black bears
  An ice beast (D:6)
  3 ogres
  A crocodile (Lair:1)
  An ettin simulacrum (IceCv)
  5 centaurs
  A wolf (Lair:1)
  4 phantoms
  6 kobold brigands
  18 bullfrogs
  7 scorpions
  3 gnoll sergeants
  6 wights
  A burial acolyte (D:10)
  12 killer bees
  Dowan (D:6)
  A lindwurm simulacrum (IceCv)
  2 electric eels (Lair:2)
  4 howler monkeys
  2 bombardier beetles
  A lava snake (Lair:3)
  A human zombie (D:10)
  8 hounds
  19 orc priests
  4 gnoll boudas
  4 jellies
  A sleepcap (D:5)
  Terence (D:3)
  5 iguanas
  14 orc wizards
  2 howler monkey zombies (D:10)
  34 gnolls
  9 adders
  A river rat (Lair:5)
  2 ribbon worms (Lair:1)
  2 dart slugs
  82 orcs
  7 endoplasms
  2 giant cockroaches
  7 goblins
  3 hobgoblins
  14 jackals
  16 kobolds
  7 ball pythons
  9 bats
  A frilled lizard (D:1)
  9 rats
  2 butterflies (Lair:1)
733 creatures vanquished.

Vanquished Creatures (collateral kills)
  A very ugly thing (IceCv)
  2 caustic shrike simulacra (IceCv)
  A boulder beetle (D:10)
  3 orc high priests (Orc:2)
  Urug (Orc:1)
  A hell knight (Volcano)
  A thrashing horror (Lair:5)
  A large abomination (Lair:5)
  An orc knight (Orc:2)
  A salamander (Lair:3)
  2 kobold blastminers (Orc:2)
  An orange demon (D:11)
  A kobold demonologist (D:12)
  An anaconda simulacrum (IceCv)
  A freezing wraith (IceCv)
  A troll (Orc:2)
  5 blink frogs (Lair:5)
  2 dream sheep (Lair:3)
  A wraith (D:12)
  A ynoxinul (Lair:5)
  A fire bat (Lair:3)
  A fire elemental (Lair:3)
  8 yaks
  A basilisk (Lair:5)
  A warg (Orc:2)
  A chaos spawn (Lair:5)
  A harpy simulacrum (IceCv)
  2 hydra simulacra (IceCv)
  6 orc warriors
  3 small abominations (Lair:5)
  2 kobold brigands (D:12)
  2 lindwurm simulacra (IceCv)
  A lava snake (Lair:3)
  3 orc priests (Orc:2)
  2 orc wizards
  8 orcs
  A kobold (D:12)
73 creatures vanquished.

Vanquished Creatures (others)
  An orc priest (D:6)
  2 orcs (D:6)
3 creatures vanquished.

Grand Total: 809 creatures vanquished

Notes
Turn   | Place    | Note
-------+----------+-------------------------------------------
     0 | D:1      | Zeor the Merfolk Gladiator began the quest for the Orb.
     0 | D:1      | Reached XP level 1. HP: 16/16 MP: 1/1
   135 | D:1      | Reached XP level 2. HP: 13/22 MP: 2/2
   638 | D:1      | Found a faded altar of an unknown god.
   940 | D:2      | Reached skill level 5 in Polearms
   943 | D:2      | Reached XP level 3. HP: 27/27 MP: 3/3
  1075 | D:2      | Found Devob's Antique Weapon Emporium.
  1152 | D:2      | Noticed a phantom
  1163 | D:2      | Killed a phantom
  1164 | D:2      | Reached skill level 6 in Polearms
  1164 | D:2      | Reached skill level 5 in Dodging
  1164 | D:2      | Reached XP level 4. HP: 19/34 MP: 4/4
  1164 | D:2      | Reached XP level 5. HP: 22/39 MP: 5/5
  1380 | D:2      | Found Lyemug's Jewellery Boutique.
  1475 | D:2      | Found Tymotrick's General Store.
  1480 | D:2      | Bought a potion of might for 52 gold pieces
  1536 | D:2      | Noticed Sigmund
  1545 | D:2      | Killed Sigmund
  1546 | D:2      | Reached skill level 7 in Polearms
  1546 | D:2      | Reached skill level 1 in Armour
  1546 | D:2      | Reached skill level 1 in Stealth
  1546 | D:2      | Reached XP level 6. HP: 28/46 MP: 6/6
  1964 | D:3      | Noticed Terence
  1998 | D:3      | Killed Terence
  2046 | D:3      | Found a glowing golden altar of the Shining One.
  2442 | D:3      | Reached XP level 7. HP: 52/52 MP: 7/7
  2486 | D:3      | Reached skill level 8 in Polearms
  2826 | D:3      | Reached skill level 9 in Polearms
  2999 | D:3      | Found a hide-covered altar of Uskayaw.
  3008 | D:3      | Noticed a +0 dagger
  3008 | D:3      | Noticed a +0 hand axe
  3025 | D:3      | Found an opulent altar of Gozag.
  3089 | D:3      | Reached XP level 8. HP: 60/60 MP: 8/8
  3199 | D:2      | Bought a scroll of blinking for 97 gold pieces
  3232 | D:4      | Found a runed translucent gate.
  3233 | D:4      | Found a runed translucent gate.
  3233 | D:4      | Noticed Dadgum123's ghost (novice MiBe)
  3234 | D:4      | Found a runed translucent gate.
  3278 | D:4      | Reached skill level 1 in Evocations
  3438 | D:4      | Found a white marble altar of Elyvilon.
  3597 | D:2      | Bought a scroll of brand weapon for 123 gold pieces
  3797 | D:5      | Entered Level 5 of the Dungeon
  3910 | D:5      | Found a blossoming altar of Fedhas.
  4037 | D:5      | Reached skill level 10 in Polearms
  4311 | D:5      | Found a burning altar of Makhleb.
  4313 | D:5      | Found a sacrificial altar of Ru.
  4401 | D:6      | Found a bloodstained altar of Trog.
  4483 | D:6      | Noticed Menkaure
  4491 | D:6      | Killed Menkaure
  4500 | D:6      | Reached skill level 11 in Polearms
  4500 | D:6      | Reached XP level 9. HP: 65/66 MP: 9/9
  4785 | D:6      | Reached skill level 12 in Polearms
  5053 | D:6      | Noticed Jeremiah
  5074 | D:6      | Killed Jeremiah
  5075 | D:6      | Reached skill level 5 in Fighting
  5102 | D:6      | Found a sparkling altar of Nemelex Xobeh.
  5112 | D:6      | Became a worshipper of Nemelex Xobeh the Trickster
  5267 | D:6      | Noticed Duvessa
  5267 | D:6      | Noticed Dowan
  5280 | D:6      | Killed Duvessa
  5289 | D:6      | Killed Dowan
  5513 | D:7      | Reached skill level 13 in Polearms
  5516 | D:7      | Reached XP level 10. HP: 72/74 MP: 10/10
  5732 | D:7      | Noticed a cyclops
  5749 | D:7      | Killed a cyclops
  5892 | D:7      | Found an ornate altar of the Wu Jian Council.
  5892 | D:7      | Found a shadowy altar of Dithmenos.
  5906 | D:7      | Found a staircase to the Ecumenical Temple.
  6160 | D:7      | Reached * piety under Nemelex Xobeh
  6642 | D:8      | Noticed an unseen horror
  6651 | D:8      | Killed an unseen horror
  6652 | D:8      | Reached skill level 1 in Invocations
  7138 | D:9      | Reached skill level 14 in Polearms
  7252 | D:9      | Received a gift from Nemelex Xobeh
  7295 | D:9      | Reached skill level 5 in Stealth
  7672 | D:10     | Entered Level 10 of the Dungeon
  7694 | D:10     | Noticed an unseen horror
  7704 | D:10     | Killed an unseen horror
  7705 | D:10     | Reached XP level 11. HP: 83/83 MP: 12/12
  7751 | D:10     | Noticed Harold
  7768 | D:10     | Noticed Psyche
  7773 | D:10     | Killed Harold
  7777 | D:10     | Killed Psyche
  7814 | D:10     | Found a staircase to the Orcish Mines.
  7838 | D:10     | Found an iron altar of Okawaru.
  7873 | D:10     | Reached ** piety under Nemelex Xobeh
  7969 | D:10     | Reached skill level 10 in Dodging
  7992 | D:10     | Noticed a boulder beetle
  8013 | D:10     | Killed a boulder beetle
  8014 | D:10     | Reached skill level 15 in Polearms
  8232 | D:10     | Noticed Josephine
  8276 | D:10     | Killed Josephine
  8558 | D:10     | Found an ancient bone altar of Kikubaaqudgha.
  8726 | D:11     | Reached XP level 12. HP: 93/93 MP: 15/15
  8780 | D:11     | Noticed Amaemon
  8798 | D:11     | Killed Amaemon
  9039 | D:11     | Found a staircase to the Lair.
  9056 | D:11     | Reached skill level 5 in Invocations
  9165 | D:11     | Found Heor's Jewellery Boutique.
  9167 | D:11     | Found Umykk's General Store.
  9177 | D:11     | Bought 3 scrolls of teleportation for 126 gold pieces
  9268 | Lair:1   | Entered Level 1 of the Lair of Beasts
  9325 | Lair:1   | Reached skill level 16 in Polearms
  9364 | Lair:1   | Reached skill level 5 in Armour
  9984 | D:2      | Bought a +0 ring mail of poison resistance for 104 gold
                  | pieces
  9994 | D:2      | Identified a scroll of acquirement
  9994 | D:2      | Acquired a +0 glaive of venom
 10591 | Lair:1   | Reached *** piety under Nemelex Xobeh
 10671 | Lair:1   | Reached skill level 17 in Polearms
 10742 | Lair:1   | Reached XP level 13. HP: 93/101 MP: 15/17
 10885 | Lair:1   | Received a gift from Nemelex Xobeh
 11744 | Lair:2   | Found a staircase to the Snake Pit.
 11856 | Lair:2   | Reached skill level 18 in Polearms
 12133 | Lair:2   | Reached **** piety under Nemelex Xobeh
 12135 | Lair:2   | Received a gift from Nemelex Xobeh
 12166 | Lair:2   | Found a staircase to the Shoals.
 12657 | Lair:3   | Reached skill level 10 in Fighting
 12846 | Lair:3   | Received a gift from Nemelex Xobeh
 12943 | Lair:3   | Reached skill level 19 in Polearms
 13444 | Lair:3   | Received a gift from Nemelex Xobeh
 13739 | Lair:4   | Reached ***** piety under Nemelex Xobeh
 13756 | Lair:4   | Identified the +8 sling of Reinforcement {freeze, Dex+3
                  | Stlth+}
 13832 | Lair:4   | Reached XP level 14. HP: 93/111 MP: 15/19
 14182 | Lair:4   | Got Oluo's Catalogue of Greatest Risks and Utility
 14201 | Lair:5   | Entered Level 5 of the Lair of Beasts
 14358 | Lair:5   | Reached skill level 20 in Polearms
 14556 | Lair:5   | Found a viscous altar of Jiyva.
 14563 | Lair:5   | Found a staircase to the Slime Pits.
 14602 | Lair:5   | Received a gift from Nemelex Xobeh
 15047 | Lair:5   | Received a gift from Nemelex Xobeh
 15049 | Lair:5   | Noticed Kirke
 15050 | Lair:5   | Killed Kirke
 16541 | Lair:5   | Reached XP level 15. HP: 117/123 MP: 19/21
 16558 | Lair:5   | Found a corrupted altar of Lugonu.
 16558 | Lair:5   | Found a one-way gate to the infinite horrors of the Abyss.
 16580 | Lair:5   | Identified the +8 orcbow "Wuopor" {speed, rC++ Int+6}
 16914 | D:11     | Found Hickolen's Book Boutique.
 17006 | D:11     | Found Eblueluiwa's Antique Weapon Shoppe.
 17010 | D:11     | Bought a faintly glowing quarterstaff for 261 gold pieces
 17010 | D:11     | Identified the +4 quarterstaff of the Desolation of Salt
                  | {chaos, ^Contam rC++ rCorr Stlth+} (You bought it in a shop
                  | on level 11 of the Dungeon)
 17294 | Orc:1    | Entered Level 1 of the Orcish Mines
 17421 | Orc:1    | Received a gift from Nemelex Xobeh
 17431 | Orc:1    | Noticed Urug
 17450 | Orc:1    | Killed Urug
 17451 | Orc:1    | Reached skill level 21 in Polearms
 17519 | Orc:1    | Found a dark tunnel.
 17530 | Volcano  | Entered a volcano
 18312 | Orc:1    | Received a gift from Nemelex Xobeh
 18735 | Orc:2    | Entered Level 2 of the Orcish Mines
 18749 | Orc:2    | Found a staircase to the Elven Halls.
 18951 | Orc:2    | Received a gift from Nemelex Xobeh
 19428 | Orc:2    | Found Siejaqont's Distillery.
 19653 | Orc:2    | Found Gegaev's General Store.
 19710 | Orc:2    | Bought a potion of might for 60 gold pieces
 19710 | Orc:2    | Bought a potion of brilliance for 60 gold pieces
 19710 | Orc:2    | Bought a potion of might for 60 gold pieces
 19710 | Orc:2    | Bought a potion of berserk rage for 75 gold pieces
 19736 | Orc:2    | Bought a scroll of identify for 20 gold pieces
 20781 | Orc:2    | Reached skill level 1 in Ranged Weapons
 20786 | Orc:2    | Reached skill level 15 in Fighting
 20801 | Orc:2    | Found Tumont's Antique Armour Emporium.
 20801 | Orc:2    | Found a one-way gate leading to the halls of Pandemonium.
 20801 | Orc:2    | Found Geogiq's Jewellery Shoppe.
 20948 | Orc:2    | Bought the ring "Xugosk" {rC+ Will+ Dex+4} for 616 gold
                  | pieces
 21464 | D:12     | Reached skill level 10 in Invocations
 21516 | D:12     | Received a gift from Nemelex Xobeh
 21979 | D:13     | Reached XP level 16. HP: 132/136 MP: 23/23
 21996 | D:13     | Reached ****** piety under Nemelex Xobeh
 22131 | D:13     | Received a gift from Nemelex Xobeh
 22137 | D:13     | Identified the +1 falchion of Rofo {holy, *Slow rElec Will+
                  | Stlth+}
 22184 | D:13     | Found a runed translucent door.
 22209 | D:13     | Noticed bronco's ghost (journeyman MiMo)
 22833 | D:14     | Found a gate to the Vaults.
 22834 | D:14     | Identified the -1 hand axe of Broken Luck {protect, rElec}
 23102 | D:14     | Received a gift from Nemelex Xobeh
 23243 | D:14     | Found a broken altar of Ashenzari.
 23424 | D:14     | Noticed Rupert
 23551 | D:14     | Acquired 927 gold pieces
 23868 | Orc:2    | Bought the ring "Zepuu" {rPois SInv} for 340 gold pieces
 24058 | Snake:1  | Entered Level 1 of the Snake Pit
 24191 | Snake:1  | Found a glacial archway.
 24213 | IceCv    | Entered an ice cave
 24250 | IceCv    | Reached skill level 15 in Dodging
 24492 | IceCv    | Identified the +0 trident of Irritation {freeze, ^Contam
                  | rC++ SInv}
 24905 | IceCv    | Found the +2 Maxwell's thermic engine {flame, freeze, rev}
 24997 | Snake:1  | Received a gift from Nemelex Xobeh
 25473 | Snake:1  | Reached skill level 1 in Long Blades
 26902 | Snake:1  | Found a hide-covered altar of Uskayaw.
 27123 | Snake:2  | Killed from afar by a shock serpent

Illustrated notes

Levels and vault maps discovered:
D:1:      dpeg_arrival_signposts, layout_basic, basic_ecumenical_altar
D:2:      layout_loops_corners, serial_shops, shop, shop, shop,
          hangedman_feature_mirror, kennysheep_boxes, uniq_sigmund
D:3:      lemuel_castle_with_subvaults [lemuel_castle_interior_original],
          layout_rooms, lemuel_tele_altar, dancing_weapons_uskayaw,
          mainiacjoe_overflow_alcove_1, uniq_terence
D:4:      layout_rooms, elyvilon_altar_5, gammafunk_ghost_split,
          wad_floor_pattern_2
D:5:      layout_basic, mainiacjoe_overflow_cross_hatched,
          chequers_temple_overflow_statue_of_worship
D:6:      layout_loops_ring, lemuel_coloured_pillars_altar, bloody_trog,
          uniq_duvessa, uniq_jeremiah, uniq_menkaure
D:7:      layout_basic, gammafunk_temple_overflow_elements, temple_doors_e,
          serial_park_tiny_pond, dreamdust_princess_bridge
D:8:      layout_basic, columned_hall_lemuel
D:9:      layout_roguey
D:10:     layout_roguey, okawaru_metal_pillars_1_2,
          lemuel_mausoleum_altar_kikubaaqudgha, david_orc_3, uniq_psyche,
          uniq_harold, uniq_josephine
D:11:     layout_loops_ring, due_lair_maze_entry_diamond, serial_shops,
          nicolae_shop_real_fake_doors, nicolae_shop_peninsula, shop,
          nicolae_shop_tiny_statue_garden, uniq_amaemon
D:12:     layout_loops_ring, serial_undead, serial_undead_b, serial_undead_a,
          serial_undead_b, serial_undead_b
D:13:     layout_big_octagon, hellmonk_ghost_happy_afterlife
D:14:     layout_irregular_city, grunt_vaults_entry_tiered, ashenzari_altar_1,
          uniq_rupert
Lair:1:   layout_roguey, grunt_megastairs_2, lemuel_fruit_fields
Lair:2:   layout_hall_layers, minmay_shoals_entry_beasts,
          minmay_snake_entry_six_corridors, grunt_megastairs_5,
          infiniplex_staircase_pool
Lair:3:   layout_chaotic_city, nicolae_lair_grazing_beasts
          [nicolae_sub_lair_graze_edge, nicolae_sub_lair_graze_edge,
          nicolae_sub_lair_graze_edge, nicolae_sub_lair_graze_edge],
          lemuel_fruit_tree
Lair:4:   layout_roguey, minmay_lindwurm_lava, serial_bayou_shore_a
Lair:5:   hellmonk_lair_end_abyssal_woods, layout_cave_pods, slime_entry_2,
          dreamdust_gnoll_shepherd, serial_bayou_shore_b, uniq_kirke
Snake:1:  layout_layer_cave, basic_altar, portal_ice_cave_entry_pillars_four
Snake:2:  layout_chambers, serial_shops, shop, nicolae_coiled_stairwell_down,
          grunt_megastairs_3, uniq_roxanne
Orc:1:    layout_caves, nicolae_volcano_entry_two_sided,
          nicolae_orc_damp_corner, uniq_urug
Orc:2:    pf_orc_diabolical, layout_caves, basic_altar

Skill      XL: |  1  2  3  4  5  6  7  8  9 10 11 12 13 14 15 16 |
---------------+-------------------------------------------------+-----
Polearms       | 5 6 7 9 11 13 14 15 17 19 20 21 | 21.0
Dodging        | 5 6 7 8 9 10 12 13 14 15 | 15.2
Armour         | 1 2 3 4 5 6 7 |  7.3
Stealth        | 1 2 3 5 6 |  6.3
Fighting       | 3 4 5 6 8 9 10 13 15 16 | 16.9
Evocations     | 2 3 4 |  4.2
Invocations    | 2 4 6 7 9 10 | 10.9
Throwing       | 3 |  3.0
Ranged Weapons | 2 |  2.9
Long Blades    | 3 |  3.4

Action                     |  1- 3 |  4- 6 |  7- 9 | 10-12 | 13-15 | 16-18 || total
---------------------------+-------+-------+-------+-------+-------+-------++-------
  Melee: Trident           |    87 |    81 |   199 |   656 |   627 |     8 ||  1658
         Punch             |     1 |     1 |     2 |    11 |    15 |     3 ||    33
         Halberd           |       |    29 |   120 |       |    21 |       ||   170
         Tailslap          |       |     1 |       |       |     1 |       ||     2
         Glaive            |       |       |       |   105 |   775 |   237 ||  1117
         Double sword      |       |       |       |       |       |   113 ||   113
   Fire: Orcbow            |       |       |       |       |    27 |       ||    27
  Throw: Dart              |       |     1 |     2 |       |     2 |       ||     5
         Throwing net      |       |       |     1 |     4 |     1 |       ||     6
         Javelin           |       |       |     6 |     2 |       |       ||     8
 Invoke: Draw Destruction  |       |       |       |     8 |    23 |    10 ||    41
         Draw Summoning    |       |       |       |     2 |    15 |     9 ||    26
         Draw Escape       |       |       |       |       |     4 |     4 ||     8
         Deal Four         |       |       |       |       |     1 |     1 ||     2
  Evoke: Tin of tremorston |       |       |       |       |       |     2 ||     2
         Phial of floods   |       |       |       |       |       |     1 ||     1
    Use: Scroll            |     3 |     1 |    11 |     8 |    12 |     5 ||    40
         Potion            |     1 |     2 |       |     1 |     3 |     7 ||    14
   Stab: Sleeping          |     2 |     3 |    15 |    12 |    10 |     9 ||    51
         Held in net/web   |       |       |     2 |     7 |       |       ||     9
         Distracted        |       |       |     2 |     3 |     9 |     6 ||    20
         Petrified         |       |       |       |       |    11 |       ||    11
         Petrifying        |       |       |       |       |     2 |       ||     2
 Armour: Leather armour    |    23 |    42 |    59 |       |     5 |       ||   129
         Ring mail         |       |       |    58 |   255 |   523 |   290 ||  1126
  Dodge: Dodged            |    45 |    63 |   217 |   438 |  1032 |   487 ||  2282
